 Dungeon Crawl Stone Soup version 0.30.1 (webtiles) character file.

Game seed: 6132448139077514607

2457 monsoonserge the Skirmisher (level 9, -4/66 HPs)
             Began as a Formicid Hunter on July 6, 2023.
             Was an Initiate of Gozag.
             Slain by a yak (12 damage)
             ... on level 6 of the Dungeon.
             The game lasted 00:22:12 (5470 turns).

monsoonserge the Skirmisher (Formicid Hunter)       Turns: 5470, Time: 00:22:12

Health: -4/66      AC: 11    Str: 16    XL:     9   Next: 79%
Magic:  9/9        EV: 10    Int:  9    God:    Gozag
Gold:   1242       SH:  0    Dex: 21    Spells: 8/8 levels left

rFire   . . .        g - +5 sling
rCold   . . .        (no shield)
rNeg    . . .        x - +4 scale mail
rPois   +            (helmet unavailable)
rElec   .            (no cloak)
rCorr   .            (no gloves)
SInv    +            (no boots)
Will    .....        (no amulet)
Stlth   +            o - +4 ring of slaying
HPRegen 0.31/turn    C - ring of poison resistance
MPRegen 0.11/turn

%: no passive effects
@: gold aura
A: permanent stasis, dig shafts and tunnels, antennae 3, four strong arms
a: Dig, Shaft Self, Renounce Religion, Potion Petition, Call Merchant, Bribe
Branch


You were on level 6 of the Dungeon.
You worshipped Gozag.
Gozag was most pleased with you.
You visited 2 branches of the dungeon, and saw 7 of its levels.
You also visited: Ossuary.

You collected 1311 gold pieces.
You spent 60 gold pieces at shops.
You paid 9 gold pieces to Gozag.

Inventory:

Hand Weapons
 g - a +5 sling (weapon)
Missiles
 y - 9 boomerangs
 A - 7 poisoned darts
Armour
 w - a +1 ring mail of poison resistance
 x - a +4 scale mail (worn)
Jewellery
 o - a +4 ring of slaying (left hand)
 q - a +6 ring of strength
 C - a ring of poison resistance (right hand)
 D - a ring of positive energy
Scrolls
 b - 2 scrolls of immolation
 d - 5 scrolls of teleportation {unknown}
 e - 2 scrolls of enchant weapon {unknown}
 i - 4 scrolls of identify {unknown}
 l - 6 scrolls of blinking {unknown}
 n - a scroll of vulnerability {unknown}
 t - 3 scrolls of poison {unknown}
 u - a scroll of fog {unknown}
 z - a scroll of silence {unknown}
 B - a scroll of magic mapping {unknown}
Potions
 a - 5 potions of curing
 c - a potion of resistance {unknown}
 f - 3 potions of flight {unknown}
 h - a potion of degeneration {unknown}
 j - 5 potions of attraction {unknown}
 k - 4 potions of heal wounds
 m - 7 potions of haste {unknown}
 p - 2 potions of magic {unknown}
 r - a potion of lignification {unknown}
 s - 3 potions of brilliance {unknown}
 v - a potion of cancellation {unknown}


   Skills:
 + Level 4.6 Fighting
 * Level 11.6 Ranged Weapons
 * Level 4.5 Armour
 + Level 2.3 Dodging
 + Level 1.8 Stealth


You had 8 spell levels left.
You didn't know any spells.
Your spell library contained the following spells:

 Spells                   Type           Power      Damage    Failure   Level
 Beastly Appendage        Tmut           0%         N/A       80%         1
 Freeze                   Ice            0%         1d3       80%         1
 Lesser Beckoning         Tloc           0%         N/A       90%         2
 Momentum Strike          Conj/Tloc      0%         3d8       90%         2
 Wereblood                Tmut           0%         N/A       90%         2
 Frozen Ramparts          Ice            0%         1d1       99%         3
 Gell's Gravitas          Tloc           0%         N/A       99%         3
 Hailstorm                Conj/Ice       0%         3d3       99%         3
 Spider Form              Tmut/Pois      0%         N/A       99%         3
 Teleport Other           Tloc           0%         N/A       99%         3
 Blink                    Tloc           Unusable   N/A       N/A         2

Dungeon Overview and Level Annotations

Branches:
Dungeon (6/15)             Temple (1/1) D:4         Ossuary (visited)

Altars:
Ashenzari
Gozag
Trog

Shops:
D:4 !

Annotations:
D:6 1 runed translucent door, Crazy Yiuf


Innate Abilities, Weirdness & Mutations

You cannot be hasted, slowed, berserked, paralysed or teleported.
You can dig through walls and to a lower floor.
You have a pair of large antennae on your head. (SInv)
Your four strong arms can wield two-handed weapons with a shield.


Message History

The yak gores you! The yak barely misses you.
Fire: g) +5 sling
Press: ? - help, Q - select action, (/) - cycle Shift-Dir - straight line, f/p - yak
Aim: a yak (severely wounded, 81% to hit)
You shoot a sling bullet. The sling bullet hits the yak!
You kill the yak!
The yak gores you!
* * * LOW HITPOINT WARNING * * *
Fire: g) +5 sling
Press: ? - help, Q - select action, (/) - cycle Shift-Dir - straight line, f - yak
Aim: a yak (81% to hit)
You shoot a sling bullet.
The sling bullet closely misses the yak.
The yak gores you!
* * * LOW HITPOINT WARNING * * *
The kobold hits you but does no damage. The yak gores you.
* * * LOW HITPOINT WARNING * * *
You feel much better. The kobold closely misses you.
The yak is distracted by your dazzling golden aura.
The yak closely misses you.
You shoot a sling bullet. The sling bullet hits the kobold.
The kobold is heavily wounded.
The kobold hits you but does no damage. The yak barely misses you.
You shoot a sling bullet.
The sling bullet barely misses the kobold.
The kobold hits you but does no damage. The yak gores you.
* * * LOW HITPOINT WARNING * * *
You shoot a sling bullet. The sling bullet hits the kobold!
You kill the kobold!
The kobold is distracted by your dazzling golden aura.
The yak gores you but does no damage.
You shoot a sling bullet. The sling bullet barely misses the yak.
The kobold shouts!
The yak is no longer distracted by gold.
The yak gores you but does no damage. The yak gores you.
* * * LOW HITPOINT WARNING * * *
You shoot a sling bullet. The sling bullet barely misses the yak.
The yak gores you!
You die...
Your body crumbles into a pile of gold.

##### ########## #........#
#########........# {
.......#.........#
.......#.........#+### +###
#......#.........#...##....
#......#.........#........K
#......#........$#.$.......
#......#........@YK$..../..
#......#........Y#........Y
#(.....#.........######....
#......#..............######
#......#....................
#.>....#....(...............
'......#....................
#......#.....[..............
#......#....................


You could see 2 yaks and a kobold.

Vanquished Creatures
  2 yaks (D:6)
  5 black bears
  A sky beast (D:6)
  An ice beast (D:6)
  2 ogres
  A centaur (D:5)
  A kobold brigand (D:6)
  3 bullfrogs
  2 scorpions
  A human zombie (Ossuary)
  An orc priest (D:5)
  2 gnoll boudas (D:5)
  7 hounds
  3 jellies
  A sleepcap (D:6)
  Jessica (D:3)
  An iguana (D:5)
  Natasha (twice) (D:2)
  3 mummies
  10 gnolls
  7 adders
  2 shadow imps
  A white imp (D:6)
  An adder zombie (Ossuary)
  3 worms
  3 dart slugs
  14 orcs
  A ball python (D:1)
  4 bats
  9 endoplasms
  4 giant cockroaches
  7 goblins
  12 hobgoblins
  6 jackals
  7 quokkas
  2 frilled lizards (D:3)
  2 goblin zombies
  10 hobgoblin zombies (Ossuary)
  2 jackal zombies (Ossuary)
  14 kobolds
  13 kobold zombies
  7 orc zombies (Ossuary)
  5 rats
  3 rat zombies (Ossuary)
189 creatures vanquished.

Notes
Turn   | Place    | Note
-------+----------+-------------------------------------------
     0 | D:1      | monsoonserge the Formicid Hunter began the quest for the
                  | Orb.
     0 | D:1      | Reached XP level 1. HP: 16/16 MP: 1/1
   169 | D:1      | You fall into a shaft and drop 1 floor!
   183 | D:2      | Found an opulent altar of Gozag.
   188 | D:2      | Became a worshipper of Gozag Ym Sagoz the Greedy
   207 | D:2      | Reached XP level 2. HP: 22/22 MP: 2/2
   460 | D:1      | Reached XP level 3. HP: 18/28 MP: 3/3
  1169 | D:2      | Noticed Natasha
  1176 | D:2      | Killed Natasha
  1177 | D:2      | Reached skill level 5 in Ranged Weapons
  1177 | D:2      | Reached XP level 4. HP: 19/34 MP: 4/4
  1332 | D:2      | Found a faded altar of an unknown god.
  1634 | D:2      | Noticed Natasha
  1647 | D:2      | Killed Natasha
  1648 | D:2      | Reached XP level 5. HP: 11/39 MP: 5/5
  2123 | D:3      | Reached skill level 6 in Ranged Weapons
  2202 | D:3      | Noticed Jessica
  2220 | D:3      | Killed Jessica
  2330 | D:3      | Reached skill level 1 in Armour
  2355 | D:3      | Reached XP level 6. HP: 36/46 MP: 6/6
  2718 | D:4      | Found Jahoomn's Distillery.
  2738 | D:4      | Bought a potion of heal wounds for 60 gold pieces
  2793 | D:4      | Noticed an ogre
  2803 | D:4      | Killed an ogre
  2804 | D:4      | Reached skill level 7 in Ranged Weapons
  2817 | D:4      | Reached XP level 7. HP: 27/52 MP: 7/7
  2966 | D:4      | Found a staircase to the Ecumenical Temple.
  2978 | Temple   | Entered the Ecumenical Temple
  3471 | D:5      | Entered Level 5 of the Dungeon
  3493 | D:5      | Reached skill level 8 in Ranged Weapons
  3499 | D:5      | Reached XP level 8. HP: 25/58 MP: 8/8
  3595 | D:5      | Found a sand-covered staircase.
  3608 | Ossuary  | Entered an ossuary
  3974 | D:5      | Reached skill level 9 in Ranged Weapons
  4217 | D:5      | Found a bloodstained altar of Trog.
  4255 | D:5      | Reached skill level 10 in Ranged Weapons
  4255 | D:5      | Reached XP level 9. HP: 54/65 MP: 9/9
  4394 | D:5      | Found a broken altar of Ashenzari.
  5248 | D:6      | Reached skill level 11 in Ranged Weapons
  5345 | D:6      | Found a runed translucent door.
  5346 | D:6      | Noticed Crazy Yiuf
  5464 | D:6      | HP: 3/66 [yak (4)]
  5470 | D:6      | Slain by a yak

Illustrated notes

Levels and vault maps discovered:
D:1:      evilmike_arrival_rings, layout_basic, minmay_misc_feat_more_columns,
          st_stairs_14, nrook_campfire, minmay_misc_feat_rows,
          minmay_liquid_box, kennysheep_crisscross
D:2:      layout_basic, basic_altar, ebering_ecumenical_altar_ruins,
          uniq_natasha
D:3:      minmay_wonky_spiral, layout_rooms, uniq_jessica
D:4:      minmay_evil_eye, layout_gridville,
          minmay_temple_entry_statues_fountains, serial_shops, shop_statue,
          minmay_surrounded
D:5:      layout_basic, trog_ov_bears_minmay, mainiacjoe_overflow_brackets,
          nicolae_ossuary_entry_giza
D:6:      layout_gridville, lemuel_blue_sif_altar, uniq_blork_the_orc,
          uniq_crazy_yiuf_cottage
Temple:   hellmonk_temple_forest_ring

Skill      XL: |  1  2  3  4  5  6  7  8  9 |
---------------+----------------------------+-----
Ranged Weapons | 5 6 7 8 10 11 | 11.6
Armour         | 1 2 3 4 |  4.5
Dodging        | 2 |  2.3
Fighting       | 3 4 |  4.6
Stealth        | |  1.8

Action                     |  1- 3 |  4- 6 |  7- 9 || total
---------------------------+-------+-------+-------++-------
   Fire: Shortbow          |    85 |   112 |       ||   197
         Sling             |       |    21 |   323 ||   344
Ability: Dig               |     1 |       |     2 ||     3
    Use: Potion            |       |     1 |     1 ||     2
 Armour: Leather armour    |     5 |       |       ||     5
         Ring mail         |     7 |    24 |       ||    31
         Scale mail        |       |     8 |    59 ||    67
  Dodge: Dodged            |    14 |    34 |    72 ||   120
